 Dungeon Crawl Stone Soup version 0.31.0-11-ge490571c62 (webtiles) character file.

Game seed: 7816418689654024355

222813 monsoonserge the Marksspriggan (level 18, -5/108 HPs)
             Began as a Spriggan Monk on Feb 5, 2024.
             Was a High Priest of Okawaru.
             Killed by the raging water
             ... invoked by a water nymph
              (23 damage)
             ... on level 3 of the Shoals.
             The game lasted 02:12:53 (39644 turns).

monsoonserge the Marksspriggan (Spriggan Monk)     Turns: 39644, Time: 02:12:54

Health: -5/108     AC:  6    Str:  7    XL:     18   Next: 25%
Magic:  26/26      EV: 37    Int: 14    God:    Okawaru [*****.]
Gold:   2857       SH: 14    Dex: 29    Spells: 24/27 levels left

rFire   + + .        Y - +3 hand cannon of Supply {penet, rElec rPois SInv Stlth-}
rCold   + . .        H - +1 buckler {rF+}
rNeg    . . .        b - +3 robe of Clouds {*Thunder rCloud rElec}
rPois   +            E - +1 hat
rElec   +            W - scarf {rC+ rF+}
rCorr   .            (gloves unavailable)
SInv    +            (boots unavailable)
Will    +++..        o - amulet of reflection
Stlth   +++          Q - ring of flight
HPRegen 0.38/turn    O - +6 ring of dexterity
MPRegen 0.20/turn

%: reflection
@: flying, very quick
A: very small, no large weapons, unfitting armour, see invisible, speed 3
}: 1/15 runes: serpentine
a: Renounce Religion, Heroism, Finesse, Duel


You were on level 3 of the Shoals.
You worshipped Okawaru.
Okawaru was extremely pleased with you.
You visited 8 branches of the dungeon, and saw 32 of its levels.
You also visited: Ossuary.

You collected 3137 gold pieces.
You spent 280 gold pieces at shops.

Inventory:

Hand Weapons
 Y - the +3 hand cannon of Supply (weapon) {penet, rElec rPois SInv Stlth-}
   (Okawaru gifted it to you on level 4 of the Lair of Beasts)

   rElec:     It insulates you from electricity.
   rPois:     It protects you from poison SInv: It lets you see invisible.
   Stlth-:    It makes you less stealthy.
Missiles
 x - 39 poisoned darts
 A - 3 throwing nets
 N - 24 atropa-tipped darts
 R - 4 curare-tipped darts
 T - 4 datura-tipped darts
Armour
 b - the +3 robe of Clouds (worn) {*Thunder rCloud rElec}
   (Okawaru gifted it to you on level 4 of the Lair of Beasts)

   *Thunder:  It occasionally creates storm clouds above nearby enemies.
   rCloud:    It grants its wearer immunity to clouds.
   rElec:     It insulates you from electricity.
 d - a +2 buckler of reflection
 E - a +1 hat (worn)
 H - a +1 buckler of fire resistance (worn)
 W - a scarf of resistance (worn)
Jewellery
 o - an amulet of reflection (around neck)
 t - a +4 ring of protection
 B - a +6 ring of intelligence
 C - a ring of positive energy
 M - a ring of magical power
 O - a +6 ring of dexterity (right hand)
 Q - a ring of flight (left hand)
 V - a ring of wizardry
Wands
 e - a wand of iceblast (15)
 j - a wand of digging (3)
 m - a wand of polymorph (14)
 q - a wand of mindburst (12)
 G - a wand of flame (28)
 U - a wand of quicksilver (11)
Scrolls
 f - 5 scrolls of enchant armour {unknown}
 k - 4 scrolls of teleportation
 n - 4 scrolls of enchant weapon
 s - 2 scrolls of poison
 v - 4 scrolls of silence
 w - 3 scrolls of revelation
 y - 2 scrolls of immolation
 z - 7 scrolls of amnesia
 D - 4 scrolls of fear
 I - 3 scrolls of blinking
 J - 2 scrolls of brand weapon
 P - 2 scrolls of vulnerability
 X - 3 scrolls of fog
 Z - 2 scrolls of torment
Potions
 a - 4 potions of cancellation
 c - 2 potions of ambrosia
 g - a potion of enlightenment
 h - 3 potions of haste
 l - 5 potions of mutation
 p - 9 potions of curing
 r - 7 potions of attraction {unknown}
 u - 4 potions of magic
 F - 8 potions of lignification
 K - 2 potions of heal wounds
 L - 2 potions of invisibility
 S - 2 potions of brilliance
Miscellaneous
 i - a lightning rod (4/4)


   Skills:
 + Level 17.4 Fighting
 - Level 3.4 Short Blades
 - Level 18.0 Ranged Weapons
 + Level 15.8 Dodging
 + Level 6.5 Stealth
 + Level 8.3 Shields
 - Level 5.0 Spellcasting
 - Level 4.0 Necromancy
 + Level 10.1 Invocations
 - Level 6.0 Evocations


You had 24 spell levels left.
You knew the following spells:

 Your Spells              Type           Power      Damage    Failure   Level
a - Fugue of the Fallen   Necr           14%        N/A       14%         3

Your spell library contained the following spells:

 Spells                   Type           Power      Damage    Failure   Level
 Necrotise                Necr           56%        1d6       4%          1
 Kiss of Death            Conj/Necr      36%        2d8       11%         1
 Vampiric Draining        Necr           14%        2d7       14%         3
 Apportation              Tloc           6%         N/A       24%         1
 Freeze                   Ice            12%        1d3       24%         1
 Sandblast                Erth           6%         2d5       24%         1
 Shock                    Conj/Air       12%        1d3       24%         1
 Sting                    Conj/Alch      12%        1d3       24%         1
 Ensorcelled Hibernation  Hex/Ice        6%         N/A       36%         2
 Mercury Vapours          Alch/Air       6%         N/A       36%         2
 Dispel Undead            Necr           14%        3d10      43%         4
 Confusing Touch          Hex            3%         N/A       58%         3
 Frozen Ramparts          Ice            6%         1d1       58%         3
 Hailstorm                Conj/Ice       3%         3d5       58%         3
 Passwall                 Erth           3%         N/A       58%         3
 Stone Arrow              Conj/Erth      6%         3d7       58%         3
 Swiftness                Air            3%         N/A       58%         3
 Anguish                  Hex/Necr       4%         N/A       71%         4
 Curse of Agony           Necr           14%        N/A       78%         5
 Airstrike                Air            1%         2d(1-17)  94%         4
 Brom's Barrelling Bould  Conj/Erth      3%         2d3       94%         4
 Leda's Liquefaction      Alch/Erth      1%         N/A       94%         4
 Olgreb's Toxic Radiance  Alch           3%         N/A       94%         4
 Passage of Golubria      Tloc           3%         N/A       94%         4
 Petrify                  Alch/Erth      3%         N/A       94%         4
 Borgnjor's Vile Clutch   Necr/Erth      4%         N/A       96%         5
 Alistair's Intoxication  Alch           2%         N/A       100%        5
 Metabolic Englaciation   Hex/Ice        1%         N/A       100%        5
 Silence                  Hex/Air        1%         N/A       100%        5
 Eringya's Noxious Bog    Alch           1%         4d6       100%        6
 Lehudib's Crystal Spear  Conj/Erth      1%         10d2      100%        8
 Summon Small Mammal      Summ           Unusable   N/A       N/A         1
 Summon Ice Beast         Ice/Summ       Unusable   N/A       N/A         3
 Martyr's Knell           Necr/Summ      Unusable   N/A       N/A         4
 Summon Forest            Summ/Tloc      Unusable   N/A       N/A         5
 Summon Mana Viper        Hex/Summ       Unusable   N/A       N/A         5
 Summon Cactus Giant      Summ           Unusable   N/A       N/A         6
 Monstrous Menagerie      Summ           Unusable   N/A       N/A         7
 Summon Hydra             Summ           Unusable   N/A       N/A         7

Dungeon Overview and Level Annotations

Branches:
Dungeon (15/15)            Temple (1/1) D:4            Lair (5/5) D:9
 Shoals (3/4) Lair:3        Snake (4/4) Lair:3        Slime (0/5) Lair:5
    Orc (2/2) D:11            Elf (1/3) Orc:2        Vaults (0/5) D:14
 Depths (1/4) D:15        Ossuary (visited)

Altars:
Ashenzari
Cheibriados
Dithmenos
Elyvilon
Fedhas
Gozag
Hepliaklqana
Kikubaaqudgha
Makhleb
Nemelex Xobeh
Okawaru
Qazlal
Ru
Sif Muna
Trog
Uskayaw
Vehumet
Wu Jian
Xom
Yredelemnul
Zin
The Shining One
Jiyva

Shops:
D:5 :   D:6 !   D:8 (   D:11 *   D:15 (   Orc:2 :([!=   Snake:1 =   Snake:2 [?

Portals:
Hell: Lair:5
Trove: D:14 (give +3 gold dragon scales)

Annotations:
Shoals:1 Frances
Depths:1 Norris


Innate Abilities, Weirdness & Mutations

You are very small and have problems with some larger weapons.
You are too small for most types of armour.
You have supernaturally acute eyesight. (SInv)
You cover ground extremely quickly. (Speed+++)


Message History

The water nymph is heavily wounded.
The snapping turtle hisses angrily.
You shoot a bolt.
The bolt pierces through the snapping turtle!
The snapping turtle is moderately wounded.
You shoot a bolt.
The bolt pierces through the snapping turtle.
The snapping turtle is moderately wounded.
A water nymph comes into view.
Fire: Y) +3 hand cannon of Supply {penet, rElec rPois SInv Stlth-}
Press: ? - help, Q - select action, (/) - cycle Shift-Dir - straight line, p - snapping turtle
Okay, then.
Fire: Y) +3 hand cannon of Supply {penet, rElec rPois SInv Stlth-}
Press: ? - help, Q - select action, (/) - cycle Shift-Dir - straight line, f/p - snapping turtle
Aim: a snapping turtle (moderately wounded, 88% to hit)
You shoot a bolt. The water nymph shouts!
The bolt pierces through the snapping turtle but does no damage.
The snapping turtle is moderately wounded.
The bolt barely misses the water nymph.
The water nymph points at you and mumbles some strange words.
The water rises up and strikes you!! The water nymph casts a spell at you.
The water rises up and strikes you!
Fire: Y) +3 hand cannon of Supply {penet, rElec rPois SInv Stlth-}
Press: ? - help, Q - select action, (/) - cycle Shift-Dir - straight line, f/p - snapping turtle
Aim: a snapping turtle (magical condensation, moderately wounded, 88% to hit)
You shoot a bolt.
The bolt pierces through the snapping turtle!!
The snapping turtle is severely wounded.
The bolt barely misses the water nymph.
You block the snapping turtle's attack.
The water nymph gestures at you while chanting.
The water rises up and strikes you!!
The water nymph gestures at you while chanting.
The water rises up and strikes you!!
* * * LOW HITPOINT WARNING * * *
The water nymph casts a spell at you. The water rises up and strikes you!!
You die...

~~~~...).!.....~~~~~~~≈≈≈
~~~~~..........~~~~~~~≈≈≈
~~~~~.......###.~~~~~~~≈~
~~~~~~~........~~~..~~...
~~≈~~~~.........~~.....##
~≈≈~~~~....~~~.~~.######
≈≈~~~.....)~~).~~.##
≈~~......~..~(..~..#######.
~~......~~..<#<@~.○.......
~~~~~~~~..#.~†~.t.m~~~~
≈~~~~~≈~...(~~○~~~~~~~~
~~~~~≈~..~~~~~~~~~~~~~
~~~~≈≈~~.~~~~~~~~~≈≈≈~
~~~~~~~~~~~~~~~≈≈≈≈≈≈~
~~~~~~~~~~~~~~~≈≈≈m≈≈≈
~~~~~~~~~≈~~~~≈≈≈≈≈≈≈
≈≈≈~~~~~~~~~≈≈≈≈≈≈


You could see a snapping turtle and 2 water nymphs.

Vanquished Creatures
  Vashnia (Snake:2)
  Nikola (Shoals:1)
  Rupert (Lair:3)
  Mlioglotl (Snake:3)
  Polyphemus (Shoals:2)
  Kirke (Shoals:1)
  Roxanne (Shoals:2)
  Aizul (Snake:3)
  Donald (Snake:4)
  Ilsuiw (Shoals:2)
  3 nagarajas (Snake:4)
  A frost giant (D:15)
  Louise (Shoals:1)
  An orc warlord (Orc:2)
  A vampire knight (Depths:1)
  2 dire elephants
  4 spark wasps (Depths:1)
  5 ettins
  2 green deaths (Snake:1)
  The ghost of bayes525 the Cleaver, a journeyman HuDe of Uskayaw (Lair:2)
  2 merfolk javelineers
  2 merfolk impalers (Shoals:2)
  An entropy weaver (shapeshifter) (D:15)
  2 fire dragons
  Josephine (D:13)
  2 ice dragons (D:15)
  5 hydras
  3 rakshasas
  3 catoblepae
  3 salamander tyrants
  2 merfolk avatars (Shoals:3)
  4 centaur warriors
  A satyr (Shoals:3)
  3 two-headed ogres
  Erica (D:10)
  2 boulder beetles
  4 anacondas
  An alligator snapping turtle (Shoals:3)
  A dancing weapon (Elf:1)
  2 orc high priests (Orc:2)
  12 death yaks
  2 tengu warriors
  9 shock serpents
  17 naga warriors
  15 naga sharpshooters
  2 occultists
  2 fire crabs (Shoals:3)
  A sixfirhy (Lair:5)
  8 skysharks
  4 skeletal warriors
  6 salamander mystics
  Lodul (D:12)
  9 mana vipers
  A spark wasp zombie (Depths:1)
  7 sea snakes
  8 naga ritualists
  A lindwurm (Lair:5)
  3 orc knights
  5 deep elf pyromancers
  12 harpies
  2 deep elf zephyrmancers
  2 necromancers (Depths:1)
  6 orc sorcerers
  7 ugly things
  19 salamanders
  A cyclops (shapeshifter) (D:14)
  A faun (Shoals:1)
  7 cyclopes
  9 manticores
  2 merfolk sirens
  4 kobold blastminers (Orc:2)
  A frost giant skeleton (Depths:1)
  3 meliai (D:14)
  29 black mambas
  2 guardian serpents
  A guardian serpent (shapeshifter) (D:14)
  3 water nymphs
  A black mamba (shapeshifter) (D:14)
  A torpor snail (Lair:1)
  12 naga magi
  16 cane toads
  4 orange demons (Lair:5)
  An unseen horror (D:11)
  A gargoyle (D:11)
  An efreet (D:15)
  8 komodo dragons
  3 rime drakes
  5 yaktaurs (D:15)
  A kobold demonologist (D:11)
  A rime drake (shapeshifter) (D:15)
  An ice devil (Lair:5)
  A red devil (Lair:5)
  A tengu conjurer (D:13)
  20 merfolk
  A hellwing (Lair:5)
  A hornet (D:8)
  5 wind drakes
  A tengu simulacrum (Depths:1)
  2 polar bears
  9 trolls
  A wolf spider simulacrum (D:15)
  20 blink frogs
  A spriggan zombie (Depths:1)
  An iron dragon simulacrum (Depths:1)
  3 snapping turtles
  2 frost giant simulacra (Depths:1)
  8 slime creatures
  5 water elementals
  3 wyverns
  A spriggan (D:10)
  2 shadows
  2 vampires
  2 humans
  2 fire bats (Shoals:3)
  Eustachio (D:6)
  33 yaks
  6 hogs (Shoals:1)
  A warg (shapeshifter) (D:14)
  6 wraiths
  3 basilisks
  A steam dragon (D:9)
  5 wargs
  12 vampire mosquitoes
  44 nagas
  An acid dragon (D:11)
  3 hell hounds (Lair:5)
  16 water moccasins
  34 orc warriors
  An ettin simulacrum (Depths:1)
  3 ice beasts
  A spriggan simulacrum (Depths:1)
  12 centaurs
  17 ogres
  22 wolves
  10 boggarts
  2 phantoms (D:7)
  3 elf zombies (Ossuary)
  4 kobold brigands
  11 bullfrogs
  A necrophage (D:10)
  2 gnoll sergeants
  2 scorpions (D:5)
  An earth elemental (Elf:1)
  3 wights (D:10)
  15 killer bees
  A howler monkey (D:5)
  5 electric eels (D:12)
  3 jellies
  4 hounds
  A human zombie (Ossuary)
  12 orc priests
  Jessica (D:2)
  5 iguanas
  36 orc wizards
  4 mummies (Ossuary)
  7 gnolls
  8 adders
  3 shadow imps
  A white imp (D:7)
  6 ufetubi
  An adder zombie (Ossuary)
  2 dart slugs
  101 orcs
  12 bats
  6 endoplasms
  2 giant cockroaches
  A gnoll zombie (Ossuary)
  5 goblins
  3 hobgoblins
  4 jackals (D:1)
  5 quokkas
  A ball python (D:1)
  5 frilled lizards
  A goblin zombie (Ossuary)
  A hobgoblin zombie (Ossuary)
  A jackal zombie (Ossuary)
  22 kobolds
  A kobold zombie (Ossuary)
  A quokka zombie (D:6)
  10 rats
  3 rat zombies
1011 creatures vanquished.

Vanquished Creatures (others)
  A nagaraja (Snake:4)
  A naga warrior (Snake:4)
  A harpy (Shoals:1)
  A black mamba (Snake:1)
  A merfolk (Shoals:1)
  An orc priest (D:10)
6 creatures vanquished.

Grand Total: 1017 creatures vanquished

Notes
Turn   | Place    | Note
-------+----------+-------------------------------------------
     0 | D:1      | monsoonserge the Spriggan Monk began the quest for the Orb.
     0 | D:1      | Reached XP level 1. HP: 11/11 MP: 2/2
   486 | D:1      | Reached XP level 2. HP: 16/16 MP: 3/3
   490 | D:1      | Reached skill level 1 in Ranged Weapons
   809 | D:1      | Found a faded altar of an unknown god.
  1134 | D:2      | Reached skill level 2 in Ranged Weapons
  1134 | D:2      | Reached XP level 3. HP: 19/19 MP: 4/4
  1300 | D:2      | Noticed Jessica
  1303 | D:2      | Killed Jessica
  1304 | D:2      | Reached skill level 3 in Ranged Weapons
  1396 | D:2      | Reached XP level 4. HP: 23/23 MP: 5/5
  2465 | D:3      | Found an ornate altar of the Wu Jian Council.
  2655 | D:4      | Found a staircase to the Ecumenical Temple.
  2712 | Temple   | Entered the Ecumenical Temple
  2726 | Temple   | Became a worshipper of Warmaster Okawaru
  2726 | Temple   | Reached * piety under Okawaru
  2726 | Temple   | Reached ** piety under Okawaru
  2742 | D:4      | Reached skill level 4 in Ranged Weapons
  2742 | D:4      | Reached XP level 5. HP: 26/28 MP: 6/6
  2995 | D:4      | Reached skill level 1 in Evocations
  3034 | D:4      | Found a shimmering blue altar of Sif Muna.
  3147 | D:4      | Noticed an ogre
  3166 | D:4      | Killed an ogre
  3167 | D:4      | Reached skill level 5 in Ranged Weapons
  3167 | D:4      | Reached skill level 1 in Invocations
  3167 | D:4      | Reached XP level 6. HP: 32/32 MP: 7/7
  3345 | D:4      | Found a glowing golden altar of the Shining One.
  3368 | D:5      | Entered Level 5 of the Dungeon
  3415 | D:5      | Found Unufeu's Book Shop.
  3485 | D:5      | Reached skill level 6 in Ranged Weapons
  3542 | D:5      | Reached *** piety under Okawaru
  3543 | D:5      | Reached XP level 7. HP: 36/36 MP: 9/9
  3590 | D:5      | Found an opulent altar of Gozag.
  3718 | D:5      | Reached skill level 7 in Ranged Weapons
  3873 | D:5      | Reached skill level 8 in Ranged Weapons
  4131 | D:5      | Reached XP level 8. HP: 40/40 MP: 10/10
  4203 | D:5      | Reached **** piety under Okawaru
  4228 | D:6      | Noticed Eustachio
  4230 | D:6      | Reached skill level 9 in Ranged Weapons
  4245 | D:6      | Killed Eustachio
  4487 | D:6      | Reached skill level 10 in Ranged Weapons
  4580 | D:6      | Found a sand-covered staircase.
  4595 | Ossuary  | Entered an ossuary
  4830 | Ossuary  | Reached ***** piety under Okawaru
  5059 | D:6      | Found Onahamoy's Distillery.
  5066 | D:6      | Bought a potion of heal wounds for 50 gold pieces
  5066 | D:6      | Bought a potion of mutation for 80 gold pieces
  5066 | D:6      | Bought a potion of curing for 30 gold pieces
  5334 | D:7      | Reached skill level 11 in Ranged Weapons
  5334 | D:7      | Reached XP level 9. HP: 32/44 MP: 11/11
  5636 | D:7      | Noticed a troll
  5646 | D:7      | Killed a troll
  5692 | D:7      | Found the +18 Lear's hauberk
  6498 | D:9      | Found a hide-covered altar of Uskayaw.
  6510 | D:9      | Reached skill level 12 in Ranged Weapons
  6877 | D:8      | Found a glowing silver altar of Zin.
  6943 | D:8      | Found Eliannoc's Weapon Shoppe.
  6993 | D:8      | Found a sparkling altar of Nemelex Xobeh.
  7011 | D:8      | Paralysed by a hornet for 3 turns
  7134 | D:8      | Found a burning altar of Makhleb.
  7142 | D:8      | Received a gift from Okawaru
  7143 | D:8      | Reached XP level 10. HP: 43/50 MP: 14/14
  7340 | D:8      | Found a bloodstained altar of Trog.
  7351 | D:8      | Found a radiant altar of Vehumet.
  7353 | D:8      | Found a basalt altar of Yredelemnul.
  8031 | D:9      | Reached skill level 13 in Ranged Weapons
  8191 | D:9      | Found a staircase to the Lair.
  8291 | D:9      | Reached skill level 5 in Invocations
  8345 | D:9      | Found a snail-covered altar of Cheibriados.
  8507 | D:10     | Entered Level 10 of the Dungeon
  8560 | D:10     | HP: 1/51 [orc priest/divine providence (15)]
  8784 | D:10     | Found a shadowy altar of Dithmenos.
  8830 | D:10     | Reached skill level 5 in Dodging
  9029 | D:10     | Reached skill level 5 in Fighting
  9063 | D:10     | Received a gift from Okawaru
  9245 | D:10     | Noticed a deep elf zephyrmancer
  9254 | D:10     | Killed a deep elf zephyrmancer
  9255 | D:10     | Reached skill level 14 in Ranged Weapons
  9260 | D:10     | Noticed a two-headed ogre
  9288 | D:10     | Killed a two-headed ogre
  9289 | D:10     | Reached XP level 11. HP: 56/56 MP: 16/16
  9670 | D:10     | Noticed Erica
  9675 | D:10     | Killed Erica
 10057 | D:11     | Identified the +2 shortbow "Hozaenkam" {speed, Int+3}
 10158 | D:11     | Found Kitz's Assorted Antiques.
 10309 | D:11     | Found a staircase to the Orcish Mines.
 10505 | D:11     | Reached skill level 1 in Stealth
 10795 | D:11     | Received a gift from Okawaru
 11262 | D:11     | Noticed a two-headed ogre
 11284 | D:11     | Killed a two-headed ogre
 11904 | D:12     | Reached skill level 15 in Ranged Weapons
 12063 | D:12     | Noticed a boulder beetle
 12113 | D:12     | Killed a boulder beetle
 12113 | D:12     | Received a gift from Okawaru
 12287 | D:12     | Noticed Lodul
 12322 | D:12     | Killed Lodul
 12921 | D:12     | Noticed a green ugly thing
 12947 | D:12     | Killed a green ugly thing
 12948 | D:12     | Reached XP level 12. HP: 63/63 MP: 18/18
 13015 | D:11     | Bought an encrusted wooden wand for 120 gold pieces
 13727 | Lair:1   | Entered Level 1 of the Lair of Beasts
 13746 | Lair:1   | Found a sparkling altar of Nemelex Xobeh.
 14056 | Lair:1   | Received a gift from Okawaru
 14107 | Lair:1   | Learned a level 3 spell: Fugue of the Fallen
 14382 | Lair:1   | Reached skill level 1 in Necromancy
 14432 | Lair:1   | Reached skill level 1 in Spellcasting
 15653 | Lair:2   | Received a gift from Okawaru
 16344 | Lair:2   | Found a runed translucent gate.
 16344 | Lair:2   | Found a runed translucent gate.
 16344 | Lair:2   | Found a runed translucent gate.
 16345 | Lair:2   | Noticed bayes525's ghost (journeyman HuDe)
 16963 | Lair:3   | Noticed a four-headed hydra
 16972 | Lair:3   | Killed a four-headed hydra
 17038 | Lair:3   | Received a gift from Okawaru
 17137 | Lair:4   | Reached XP level 13. HP: 70/70 MP: 20/20
 17785 | Lair:4   | Reached skill level 10 in Fighting
 17875 | Lair:5   | Entered Level 5 of the Lair of Beasts
 17892 | Lair:5   | Found a runed translucent door.
 17892 | Lair:5   | Found a viscous altar of Jiyva.
 18256 | Lair:5   | Noticed a dire elephant
 18307 | Lair:5   | Killed a dire elephant
 18524 | Lair:5   | Found a burning altar of Makhleb.
 18577 | Lair:5   | Received a gift from Okawaru
 18624 | Lair:5   | Found a gateway to Hell.
 18626 | Lair:5   | Got an earthy gem with 299 turns to spare
 18632 | Lair:5   | Identified the +2 robe of Fedhas {rC- Str+3 Dex+2}
 19064 | Lair:3   | Reached skill level 5 in Stealth
 19268 | Lair:3   | Noticed Rupert
 19285 | Lair:3   | Paralysed by Rupert for 4 turns
 19314 | Lair:3   | Killed Rupert
 19447 | Lair:3   | Received a gift from Okawaru
 19490 | Lair:3   | Found a staircase to the Snake Pit.
 19776 | Lair:3   | Found a staircase to the Shoals.
 20064 | Lair:5   | Found a staircase to the Slime Pits.
 20095 | Lair:5   | Reached XP level 14. HP: 80/80 MP: 21/21
 20642 | Lair:4   | Reached ****** piety under Okawaru
 20643 | Lair:4   | Acquired the +3 robe of Clouds {*Thunder rCloud rElec}
 20643 | Lair:4   | Received a gift from Okawaru
 20643 | Lair:4   | Found the +3 robe of Clouds {*Thunder rCloud rElec}
 20659 | Lair:4   | Acquired the +3 hand cannon of Supply {penet, rElec rPois
                  | SInv Stlth-}
 20659 | Lair:4   | Received a gift from Okawaru
 21492 | Lair:2   | Killed bayes525's ghost
 21949 | Orc:1    | Entered Level 1 of the Orcish Mines
 22052 | Orc:1    | Received a gift from Okawaru
 22086 | Orc:1    | Found a bloodstained altar of Trog.
 22366 | Orc:2    | Entered Level 2 of the Orcish Mines
 22366 | Orc:2    | Found a staircase to the Elven Halls.
 22697 | Orc:2    | Reached skill level 16 in Ranged Weapons
 22766 | Orc:2    | Found Zetouval's Jewellery Shop.
 23128 | Orc:2    | Found Derhiq's Book Emporium.
 23293 | Orc:2    | Found Koepec's Distillery.
 23348 | Orc:2    | Noticed an orc warlord
 23377 | Orc:2    | Killed an orc warlord
 23378 | Orc:2    | Received a gift from Okawaru
 23426 | Orc:2    | Found Fitueg's Antique Weapon Emporium.
 23428 | Orc:2    | Found Ipriwk's Antique Armour Shoppe.
 24005 | D:13     | Noticed Josephine
 24017 | D:13     | Killed Josephine
 24018 | D:13     | Reached skill level 17 in Ranged Weapons
 24605 | D:13     | Received a gift from Okawaru
 24870 | D:14     | Reached XP level 15. HP: 61/86 MP: 22/22
 25045 | D:14     | Found a portal to a secret trove of treasure.
 25500 | D:14     | Received a gift from Okawaru
 25504 | D:14     | Found a gate to the Vaults.
 25507 | D:14     | Identified the +3 leather armour "Powoleoz" {rN+ Str+5
                  | Stlth-}
 25668 | D:15     | Entered Level 15 of the Dungeon
 25739 | D:14     | Reached skill level 18 in Ranged Weapons
 25767 | D:15     | Reached skill level 10 in Dodging
 25910 | D:15     | Found Nuesch's Weapon Emporium.
 25927 | D:15     | Reached skill level 5 in Spellcasting
 26672 | D:15     | Received a gift from Okawaru
 26743 | D:15     | Found a staircase to the Depths.
 26903 | Depths:1 | Entered Level 1 of the Depths
 27067 | Depths:1 | Noticed a frost giant
 27670 | Elf:1    | Entered Level 1 of the Elven Halls
 28055 | Snake:1  | Entered Level 1 of the Snake Pit
 28088 | Snake:1  | You fall into a shaft and drop 1 floor!
 28264 | Snake:2  | Found Seygieq's Armour Emporium.
 28270 | Snake:2  | Found Soomiffu's Magic Scroll Emporium.
 28328 | Snake:2  | Received a gift from Okawaru
 28532 | Snake:1  | Reached skill level 15 in Fighting
 28802 | Snake:1  | Found Ekydasuni's Jewellery Emporium.
 29068 | Snake:1  | Found a runed translucent door.
 29466 | Snake:2  | Reached XP level 16. HP: 94/95 MP: 24/24
 29505 | Snake:2  | Received a gift from Okawaru
 29632 | Snake:2  | Noticed Vashnia
 29652 | Snake:2  | Killed Vashnia
 30355 | Snake:3  | Received a gift from Okawaru
 31569 | Snake:3  | Identified the serpent talisman of Ripagon {rN+ Stlth+}
 31569 | Snake:3  | Noticed Aizul
 31582 | Snake:3  | Killed Aizul
 32140 | Snake:3  | Noticed Mlioglotl
 32151 | Snake:3  | Killed Mlioglotl
 32366 | Snake:4  | Entered Level 4 of the Snake Pit
 33052 | Snake:4  | Noticed Donald
 33058 | Snake:4  | Killed Donald
 33059 | Snake:4  | Reached skill level 1 in Shields
 33376 | Snake:4  | Received a gift from Okawaru
 33652 | Snake:4  | Reached XP level 17. HP: 78/101 MP: 25/25
 33722 | Snake:4  | Reached skill level 5 in Shields
 33943 | Snake:4  | Received a gift from Okawaru
 34109 | Snake:4  | Got a serpentine rune of Zot
 35543 | D:15     | HP: 5/101 [frost giant/+1 battleaxe of freezing (5)]
 36002 | Depths:1 | Received a gift from Okawaru
 36058 | Arena    | Entered the Arena
 36241 | Depths:1 | Noticed Norris
 36706 | Shoals:1 | Entered Level 1 of the Shoals
 36722 | Shoals:1 | Identified the +1 plate armour "Uvaoroo" {+Inv rF- rN+
                  | Str+3}
 36757 | Shoals:1 | Noticed Nikola
 36767 | Shoals:1 | Reached skill level 5 in Evocations
 36773 | Shoals:1 | Noticed Kirke
 36798 | Shoals:1 | Reached skill level 15 in Dodging
 37010 | Shoals:1 | Noticed Louise
 37011 | Shoals:1 | Noticed Frances
 37153 | Shoals:1 | Killed Kirke
 37201 | Shoals:1 | Killed Nikola
 37413 | Shoals:1 | Identified the +2 scale mail of Qykinura {rElec rPois rC+
                  | Slay+3}
 37443 | Shoals:1 | Killed Louise
 37827 | Shoals:2 | Noticed Polyphemus
 37836 | Shoals:2 | Killed Polyphemus
 37902 | Shoals:2 | Noticed Ilsuiw
 37915 | Shoals:2 | Killed Ilsuiw
 37952 | Shoals:2 | Reached skill level 10 in Invocations
 38050 | Shoals:2 | Reached XP level 18. HP: 107/107 MP: 26/26
 38223 | Shoals:2 | Identified the +6 quarterstaff of the Wheel {freeze, Will+}
 38271 | Shoals:2 | Noticed Roxanne
 38287 | Shoals:2 | Killed Roxanne
 38954 | Shoals:2 | Received a gift from Okawaru
 39644 | Shoals:3 | Killed from afar by a water nymph

Illustrated notes

Levels and vault maps discovered:
D:1:      enne_arrival_octagon_isle, layout_basic,
          hellmonk_ecumenical_altar_prayer_group, minivault_24,
          nicolae_hexahallways, minivault_5
D:2:      layout_loops_corners, uniq_jessica
D:3:      layout_basic, general_overflow_altar
D:4:      layout_gridville, tgw_sif, tso_oasis_becter,
          minmay_temple_entry_mini_moons, kennysheep_pointless_box,
          roderic_batcave, st_stairs_6
D:5:      layout_rooms, mainiacjoe_overflow_six_doors_small, serial_shops,
          nicolae_stop_n_shop_1, serial_library_hellmonk_room_b,
          minmay_misc_feat_rows, lexackson_kobold_supper
D:6:      layout_basic, serial_shops, nicolae_shop_industrial_runoff,
          enter_ossuary_4, uniq_eustachio
D:7:      layout_basic, nrook_mini_vaults, minmay_splitting_lines,
          hellmonk_guarded_unrand_lears
D:8:      layout_cave_pools, mainiacjoe_overflow_brackets, old_standard_altar,
          old_standard_altar, minitemple, serial_shops, shop, special_room
          [special_room_orc]
D:9:      layout_roguey, nicolae_uskayaw_murder_on_the_dancefloor,
          nicolae_overflow_hidden_temple, erik_lair_orcish_takeover
D:10:     layout_stronghold, mainiacjoe_overflow_alcove_4, hex_large,
          nicolae_wwwww, hangedman_stone_soup, uniq_erica
D:11:     layout_layer_cave, minmay_orc_entry_guard_dogs, serial_shops,
          nicolae_take_the_stairs
D:12:     layout_basic, uniq_lodul
D:13:     layout_roguey, uniq_josephine
D:14:     layout_rooms, david_vaults_2, nicolae_trove_entry_isolated
D:15:     hangedman_depths_entry_try_elsewhere_first, layout_loops_ring,
          serial_bayou_pond_b, serial_shops, shop
Temple:   pf_slimified_temple
Lair:1:   layout_gridlike, basic_altar
Lair:2:   layout_chaotic_city, ebering_ghost_rock_garden, grunt_megastairs_2,
          serial_bayou_shore_b, lemuel_fruit_tree
Lair:3:   layout_cave_pods, minmay_shoals_entry_centaurs,
          guppyfry_snake_entry_garden, uniq_rupert
Lair:4:   layout_hall_layers, infiniplex_staircase_pool
Lair:5:   evil_forest, layout_long_grid, slime_entry_2
Shoals:1: layout_shoals, nicolae_shoals_so_close, uniq_nikola, uniq_kirke,
          uniq_louise, uniq_frances
Shoals:2: layout_shoals, uniq_polyphemus, uniq_ilsuiw, uniq_roxanne
Shoals:3: layout_shoals, hangedman_shoal_volcano
Snake:1:  cheibrodos_toxic_ritual, layout_honeycomb, serial_shops,
          nicolae_square_shop, serial_bayou_shore_b
Snake:2:  layout_onion, minmay_shop_star, uniq_vashnia
Snake:3:  layout_rooms, uniq_aizul, uniq_mlioglotl
Snake:4:  minmay_snake_end_coiled, layout_cave_pods, uniq_donald
Orc:1:    layout_diamond_mine, basic_altar
Orc:2:    grunt_orc_community_town_hall, layout_caves,
          grunt_orc_community_big_house_2, grunt_orc_community_big_house_1,
          grunt_orc_community_house_1, grunt_orc_community_house_3,
          grunt_orc_community_house_2, grunt_orc_community_house_1,
          grunt_orc_community_house_1, grunt_orc_community_house_3,
          serial_shops, nicolae_shop_gaudy_bauble,
          regret_index_minedec_guest_junction
Elf:1:    eino_elf_arrival_shootout, layout_gridlike, minmay_elf_annihilation
Depths:1: layout_cave_shapes, hell_entry, nzn_random_ring,
          infiniplex_staircase_pool_lava, grunt_megastairs_4, uniq_norris

Skill      XL: |  1  2  3  4  5  6  7  8  9 10 11 12 13 14 15 16 17 18 |
---------------+-------------------------------------------------------+-----
Ranged Weapons | 2 3 4 5 6 8 11 12 14 15 17 18 | 18.0
Evocations     | 1 2 6 |  6.0
Fighting       | 3 4 5 7 9 12 13 15 16 17 | 17.4
Invocations    | 1 2 4 5 7 8 9 10 | 10.1
Dodging        | 5 7 9 11 14 15 | 15.8
Stealth        | 2 4 5 6 |  6.5
Necromancy     | 3 4 |  4.0
Spellcasting   | 4 5 |  5.0
Shields        | 4 7 8 |  8.3
Short Blades   | |  3.4

Action                     |  1- 3 |  4- 6 |  7- 9 | 10-12 | 13-15 | 16-18 || total
---------------------------+-------+-------+-------+-------+-------+-------++-------
  Melee: Short sword       |    18 |       |       |       |       |       ||    18
   Fire: Sling             |    65 |   172 |   383 |       |       |       ||   620
         Orcbow            |       |       |   102 |   386 |       |       ||   488
         Shortbow          |       |       |       |   897 |   834 |       ||  1731
         Hand cannon       |       |       |       |       |   646 |   925 ||  1571
   Cast: Fugue of the Fall |       |       |       |       |    16 |     6 ||    22
 Invoke: Heroism           |       |       |     2 |     7 |     9 |    16 ||    34
         Finesse           |       |       |       |     1 |     3 |     6 ||    10
         Receive Weapon    |       |       |       |       |     1 |       ||     1
         Receive Armour    |       |       |       |       |     1 |       ||     1
         Duel              |       |       |       |       |       |     1 ||     1
    Use: Scroll            |       |       |    12 |     2 |     9 |     3 ||    26
         Potion            |       |       |     2 |     1 |     1 |     8 ||    12
 Armour: Robe              |     3 |    30 |    78 |   116 |   125 |   191 ||   543
  Dodge: Dodged            |    35 |    89 |   196 |   354 |   349 |   507 ||  1530
  Block: Other             |       |       |       |       |    19 |       ||    19
         Buckler           |       |       |       |       |       |   202 ||   202
         Reflection        |       |       |       |       |       |    29 ||    29
